 Dungeon Crawl Stone Soup version 0.32-a0-931-g5a2cda0630 (webtiles) character file.

Game seed: 12704792732689234422

14959 Zonian the Geomancer (level 12, -13/59 HPs)
             Began as a Gargoyle Earth Elementalist on Apr 13, 2024.
             Was a High Priest of Vehumet.
             Mangled by a white ugly thing (35 damage)
             ... on level 11 of the Dungeon on Apr 14, 2024.
             The game lasted 00:49:27 (12240 turns).

Zonian the Geomancer (Gargoyle Earth Elementalist) Turns: 12240, Time: 00:49:27

Health: -13/59     AC: 19    Str: 16    XL:     12   Next: 22%
Magic:  24/24      EV: 15    Int: 24    God:    Vehumet [*****.]
Gold:   666        SH:  5    Dex: 10    Spells: 2/28 levels left

rFire   + . .        B - +4 morningstar "Jutyce" {drain, ^Fragile rElec Int+7, mace}
rCold   . . .        f - +1 buckler
rNeg    + . .        c - +2 robe {rF+}
rPois   ∞            p - +1 helmet
rElec   +            (no cloak)
rCorr   .            (no gloves)
SInv    .            Q - +0 pair of boots
Will    .....        s - amulet of magic regeneration {@e2}
Stlth   ++           u - +5 ring of evasion
HPRegen 0.29/turn    T - +4 ring of protection
MPRegen 0.59/turn

%: no passive effects
@: no status effects
A: sickness immunity, AC +8, negative energy resistance 1, electricity
resistance, torment resistance 1, petrification resistance
a: Renounce Religion


You were on level 11 of the Dungeon.
You worshipped Vehumet.
Vehumet was extremely pleased with you.
You visited 1 branch of the dungeon, and saw 11 of its levels.
You also visited: Ossuary.

You collected 693 gold pieces.
You spent 27 gold pieces at shops.


Innate Abilities, Weirdness & Mutations

You are immune to sickness and miasma.
Your stone body is resilient. (AC +8)
You are immune to poison.
You resist negative energy. (rN+)
You are resistant to electric shocks. (rElec)
You are resistant to unholy torment.
You are immune to petrification.


   Skills:
 - Level 2.0 Short Blades
 + Level 7.7 Maces & Flails
 - Level 1.5 Dodging
 + Level 4.2 Stealth
 + Level 3.5 Shields
 + Level 8.8 Spellcasting
 + Level 10.2 Conjurations
 - Level 4.0 Translocations
 + Level 4.0 Fire Magic
 + Level 11.5 Earth Magic


You had 2 spell levels left.
You knew the following spells:

 Your Spells              Type           Power      Damage    Failure   Level
a - Sandblast             Erth           100%       2d20      1%          1
b - Stone Arrow           Conj/Erth      100%       3d13      1%          3
c - Brom's Barrelling Bo  Conj/Erth      58%        2d7       1%          4
d - Iskenderun's Mystic   Conj/Tloc      44%        2d10      (+2d51%     4
e - Flame Wave            Conj/Fire      44%        2d11      1%          4
f - Iskenderun's Battles  Conj           56%        2d11      1%          5
g - Fireball              Conj/Fire      22%        3d10      3%          5

Your spell library contained the following spells:

 Spells                   Type           Power      Damage    Failure   Level
 Spellforged Servitor     Conj/Summ      17%        N/A       86%         7
 Static Discharge         Conj/Air       70%        3-6/arc   1%          2
 Slow                     Hex            40%        N/A       8%          1
 Passwall                 Erth           60%        N/A       1%          3
 Volatile Blastmotes      Fire/Tloc      58%        2d14      1%          3
 Inner Flame              Hex/Fire       20%        N/A       2%          3
 Fulminant Prism          Conj/Alch      17%        3d10      2%          4
 Animate Armour           Summ/Erth      76%        N/A       7%          4
 Petrify                  Alch/Erth      38%        N/A       7%          4
 Sticky Flame             Fire/Alch      20%        2d6       9%          4
 Airstrike                Air            5%         2d(1-17)  19%         4
 Confusing Touch          Hex            10%        N/A       22%         3
 Vampiric Draining        Necr           10%        2d6       22%         3
 Orb of Destruction       Conj           28%        9d9       24%         7
 Conjure Ball Lightning   Conj/Air       17%        3x3d6     32%         6
 Summon Lightning Spire   Summ/Air       10%        N/A       58%         4
 Lehudib's Crystal Spear  Conj/Erth      29%        10d8      78%         8
 Chain Lightning          Conj/Air       17%        3d23      100%        9
 Fire Storm               Conj/Fire      22%        8d6       100%        9
 Shatter                  Erth           30%        3d25*     100%        9

Inventory:

Hand Weapons
 z - a +1 dagger of speed {short}
   (You took it off a kobold on level 4 of the Dungeon)
 B - the +4 morningstar "Jutyce" (weapon) {drain, ^Fragile rElec Int+7, mace}
   (You took it off an orc on level 5 of the Dungeon)

   Int+7:     It affects your intelligence (+7).
   rElec:     It insulates you from electricity.
   ^Fragile:  It will be destroyed if unequipped.
 D - a +1 dagger of venom {short}
   (You took it off an orc wizard on level 4 of the Dungeon)
 K - the +5 falchion of the Ancient Nightcaps {flame, rElec Str+5, long}
   (You found it on level 7 of the Dungeon)

   Str+5:     It affects your strength (+5).
   rElec:     It insulates you from electricity.
Missiles
 S - 24 poisoned darts {throwing}
Armour
 a - a +0 robe
 c - a +2 robe of fire resistance (worn)
   (You took it off a wight on level 9 of the Dungeon)
 f - a +1 buckler (worn)
   (You took it off a gnoll sergeant on level 9 of the Dungeon)
 p - a +1 helmet (worn)
   (You found it on level 2 of the Dungeon)
 r - a +0 scale mail
   (You took it off an orc on level 4 of the Dungeon)
 Q - a +0 pair of boots (worn)
   (You found it on level 8 of the Dungeon)
Jewellery
 s - an amulet of magic regeneration (around neck) {@e2}
   (You found it on level 4 of the Dungeon)
 u - a +5 ring of evasion (left hand)
   (You found it on level 2 of the Dungeon)
 T - a +4 ring of protection (right hand)
   (You found it on level 9 of the Dungeon)
Wands
 g - a wand of iceblast (1)
   (You took it off a vampire on level 9 of the Dungeon)
 i - a wand of quicksilver (5)
   (You found it on level 10 of the Dungeon)
 n - a wand of flame (7)
   (You found it on level 10 of the Dungeon)
Scrolls
 e - 3 scrolls of teleportation {@r4}
 j - 7 scrolls of vulnerability {!r!r}
 m - 2 scrolls of butterflies
 o - 2 scrolls of enchant armour
 y - a scroll of blinking {!r}
 C - 2 scrolls of fear
 O - 2 scrolls of revelation
 R - a scroll of brand weapon
Potions
 b - a potion of magic
 d - 6 potions of curing {@q1}
 h - 4 potions of heal wounds {@q2}
 k - a potion of invisibility
 l - a potion of haste {@q3}
 q - 6 potions of lignification {!q}
 v - 2 potions of resistance
 w - a potion of mutation {!q}
 E - 2 potions of berserk rage {!q}
 F - 2 potions of cancellation
 H - 5 potions of brilliance
 L - 2 potions of attraction {!q}
 M - a potion of might
 N - a potion of enlightenment {unknown}
Miscellaneous
 U - a tin of tremorstones (2/2) {throwing}
   (You found it on level 9 of the Dungeon)

Dungeon Overview and Level Annotations

Branches:
Dungeon (11/15) Zot: 26543  Temple (0/1) D:7             Orc (0/2) D:9
Ossuary (visited)
   Lair: D:8-11

Altars:
Sif Muna
Vehumet

Shops:
D:5 *   D:7 :   D:8 *   D:10 (

Annotations:
D:9 3 runed translucent doors, jfitz's ghost, journeyman DsBe
D:11 Urug

.......##.##.####.#####
.....#.......##...#
#####...#.#.###.###
#.###.#......# #..
#.#####..#### #.# #.#
##.....#
#.####..###...#
##......## #.#
#..@u#### # #....!...#
#...........
..........###
............#
............#
....#######.# #### .#


You could see a white ugly thing.


Message History

Unknown command.
The blast of sand hits the gnoll!
You kill the gnoll!
Vehumet accepts your kill.
You feel your power returning. 😎 MP[+1]
The blast of sand hits the gnoll!!
You kill the gnoll!
Vehumet accepts your kill.
You feel your power returning. 😎 MP[+1]
You can't see any susceptible monsters within range! (Use Z to cast anyway.) Unknown command. 😎 MP[+1]
Items here: ))) [ †.
Things that are here:
a +0 whip {mace}; a gnoll corpse; 😎 MP[+1] 😎 MP[+1]
Things that are here:
a +0 flail {mace}; a gnoll corpse 😎 MP[+1] 😎 MP[+1] 😎 MP[+1] 😎 MP[+1] 😎 MP[+1] 😎 MP[+1] 😎 MP[+1] 😎 MP[+1]
A white ugly thing comes into view. 😎 MP[+1]
A white ugly thing is nearby!
Unknown command. 😎 MP[+1] 😎 MP[+1]
Your mp is fully restored (24).
You start waiting.
Done waiting.
Unknown command.
Unknown command.
Okay, then.
You drop an amulet of magic regeneration {@e2}.
Casting: Sandblast (safe; 1% risk of failure)
Confirm with . or Enter, or press ? or * to list all spells.
Okay, then.
A killer bee comes into view.
The blast of sand hits the killer bee.
The killer bee buzzes angrily.
You hear an angry buzzing noise.
A killer bee comes into view. x3
The blast of sand hits the killer bee!
You kill the killer bee!
Vehumet accepts your kill.
You feel your power returning.
The killer bee buzzes angrily.
The blast of sand misses the killer bee.
The blast of sand hits the killer bee!
You block the killer bee's attack. The killer bee closely misses you.
Unknown command.
The blast of sand hits the killer bee!!
You kill the killer bee!
Vehumet accepts your kill.
You feel your power returning. The killer bee closely misses you.
The killer bee stings you but does no damage. x4
The blast of sand hits the killer bee!!
You kill the killer bee!
Vehumet accepts your kill.
The killer bee stings you but does no damage.
You block the killer bee's attack.
The killer bee stings you but does no damage. 😎 MP[-1]
You lost 1 mp, and now have 23/24 mp.
The blast of sand hits the killer bee!
You kill the killer bee!
Vehumet accepts your kill.
You feel your power returning. 😎 MP[+1]
Your mp is fully restored (24).
You can't see any susceptible monsters within range! (Use Z to cast anyway.)
You can't see any susceptible monsters within range! (Use Z to cast anyway.) Unknown command.
Unknown command.
Unknown command.
The white ugly thing gurgles horribly!
The blast of sand hits the white ugly thing!
The white ugly thing trunk-slaps you but does no damage.
The blast of sand hits the white ugly thing!
The white ugly thing trunk-slaps you but does no damage.
The blast of sand hits the white ugly thing!
The white ugly thing trunk-slaps you but does no damage.
The white ugly thing misses you.
The blast of sand hits the white ugly thing!
The white ugly thing trunk-slaps you but does no damage.
The blast of sand hits the white ugly thing but does no damage.
The white ugly thing trunk-slaps you. The white ugly thing freezes you!!
Ouch! That really hurt!
* * * LOW HITPOINT WARNING * * *
The white ugly thing trunk-slaps you.
* * * LOW HITPOINT WARNING * * *
The white ugly thing freezes you!!
Ouch! That really hurt!
You die...

Skill      XL: |  1  2  3  4  5  6  7  8  9 10 11 12 |
---------------+-------------------------------------+-----
Earth Magic    | 4 5 6 8 9 10 11 | 11.5
Conjurations   | 2 3 4 5 6 7 9 10 | 10.2
Spellcasting   | 3 4 5 6 7 8 |  8.8
Short Blades   | 1 2 |  2.0
Maces & Flails | 2 4 6 7 |  7.7
Fire Magic     | 3 4 |  4.0
Translocations | 3 4 |  4.0
Shields        | 2 3 |  3.5
Stealth        | 3 4 |  4.2
Dodging        | |  1.5

Action                     |  1- 3 |  4- 6 |  7- 9 | 10-12 || total
---------------------------+-------+-------+-------+-------++-------
  Melee: Unarmed           |     2 |       |       |       ||     2
         Dagger            |       |    20 |    48 |       ||    68
         Morningstar       |       |       |    39 |   112 ||   151
   Cast: Sandblast         |    38 |    69 |   161 |   127 ||   395
         Stone Arrow       |       |       |    22 |    66 ||    88
         Brom's Barrelling |       |       |       |     8 ||     8
         Iskenderun's Batt |       |       |       |     3 ||     3
         Fireball          |       |       |       |     6 ||     6
  Evoke: Wand              |     1 |     6 |     1 |     3 ||    11
    Use: Scroll            |       |     7 |    14 |     8 ||    29
         Potion            |       |     3 |     1 |     1 ||     5
   Stab: Sleeping          |       |     1 |     1 |       ||     2
 Armour: Robe              |     7 |    31 |    98 |   129 ||   265
         Skin              |       |       |       |     3 ||     3
  Dodge: Dodged            |     3 |    20 |   152 |   189 ||   364
  Block: Buckler           |       |       |       |    13 ||    13

Levels and vault maps discovered:
D:1:      wander_arrival_estate, layout_basic
D:2:      layout_rooms, grunt_ministairs_15, uniq_terence
D:3:      layout_basic, fiery_altar_vehumet
D:4:      layout_basic
D:5:      layout_basic, serial_shops, nicolae_shop_pleasant_corner_grove,
          amcnicky_mini_pool_small, kennysheep_generic_room_7
D:6:      layout_gridville, lemuel_flamethrower_2, uniq_grinder
D:7:      layout_basic, temple_doors_e, mainiacjoe_ossuary_entry_dusty_tomb,
          minmay_misc_feat_plants, nicolae_shop_vocational, uniq_pikel
D:8:      layout_basic, nrook_loot_triangle, roderic_roman_lattice,
          nicolae_shop_gadgets
D:9:      cheibrodos_fzero, layout_rooms, mainiacjoe_overflow_alcove_2,
          kennysheep_orc_monster_closet_entryway, gammafunk_ghost_spectres,
          minmay_misc_feat_four_crosses, uniq_grum
D:10:     layout_gridville, serial_shops, nicolae_shop_mannequins,
          minmay_misc_feat_nine_boxes, minmay_radiant
D:11:     minmay_goldmine, layout_rooms, lair_entry_dummy, nicolae_two_hexagons,
          uniq_josephine, uniq_psyche, uniq_urug

Notes
Turn   | Place    | Note
-------+----------+-------------------------------------------
     0 | D:1      | Zonian the Gargoyle Earth Elementalist began the quest for
                  | the Orb.
     0 | D:1      | Reached XP level 1. HP: 10/10 MP: 3/3
     0 | D:1      | magus.rc [v1.9.6]
   154 | D:1      | Reached XP level 2. HP: 15/15 MP: 0/5
   272 | D:1      | Reached skill level 4 in Earth Magic
   937 | D:2      | Reached XP level 3. HP: 19/19 MP: 4/6
   972 | D:2      | Reached skill level 2 in Conjurations
  1129 | D:2      | Noticed Terence
  1367 | D:2      | Killed Terence
  1368 | D:2      | Reached XP level 4. HP: 24/24 MP: 4/8
  1773 | D:3      | Found a radiant altar of Vehumet.
  1786 | D:3      | Became a worshipper of Vehumet
  2110 | D:3      | Reached skill level 3 in Spellcasting
  2342 | D:3      | Learned a level 3 spell: Stone Arrow
  2373 | D:3      | Reached skill level 3 in Conjurations
  2373 | D:3      | Reached XP level 5. HP: 28/28 MP: 5/9
  2444 | D:3      | Reached skill level 5 in Earth Magic
  2946 | D:4      | Noticed a black bear
  2949 | D:4      | Killed a black bear
  2950 | D:4      | Reached XP level 6. HP: 32/32 MP: 7/11
  3163 | D:4      | You pick up a book of Debilitation and begin reading...
  3163 | D:4      | You add the spells Slow, Vampiric Draining and Confusing
                  | Touch to your library.
  3344 | D:4      | Noticed an orc warrior
  3349 | D:4      | Reached * piety under Vehumet
  3349 | D:4      | Offered knowledge of Sting by Vehumet.
  3351 | D:4      | HP: 8/32 [orc warrior/+0 trident (15)]
  3352 | D:4      | Killed an orc warrior
  3353 | D:4      | Reached skill level 4 in Spellcasting
  3353 | D:4      | Reached skill level 4 in Conjurations
  3353 | D:4      | Reached skill level 6 in Earth Magic
  3377 | D:4      | HP: 6/32 [something/magic dart (11)]
  3615 | D:4      | Reached XP level 7. HP: 33/36 MP: 10/13
  4223 | D:4      | You pick up a book of Armaments and begin reading...
  4223 | D:4      | You add the spells Animate Armour and Lehudib's Crystal
                  | Spear to your library.
  4384 | D:5      | Entered Level 5 of the Dungeon
  4470 | D:5      | Found Migare's Assorted Antiques.
  4479 | D:5      | Bought a scroll labelled COUSSA SUNISA for 27 gold pieces
  4554 | D:5      | Reached skill level 1 in Short Blades
  4587 | D:5      | Reached skill level 5 in Conjurations
  4908 | D:5      | Reached XP level 8. HP: 24/41 MP: 15/15
  4913 | D:5      | Reached skill level 2 in Short Blades
  4913 | D:5      | Reached skill level 7 in Earth Magic
  4922 | D:5      | You pick up a book of Annihilations and begin reading...
  4922 | D:5      | You add the spells Chain Lightning, Fire Storm and Shatter
                  | to your library.
  5092 | D:5      | Identified the +4 morningstar "Jutyce" {drain, ^Fragile
                  | rElec Int+7}
  5093 | D:5      | Offered knowledge of Shock by Vehumet.
  5099 | D:5      | Reached ** piety under Vehumet
  5272 | D:5      | Learned a level 4 spell: Brom's Barrelling Boulder
  5458 | D:6      | Noticed Grinder
  5468 | D:6      | Reached skill level 5 in Spellcasting
  5469 | D:6      | Killed Grinder
  5470 | D:6      | Reached skill level 1 in Maces & Flails
  5656 | D:6      | Reached skill level 6 in Conjurations
  5718 | D:6      | Reached skill level 2 in Maces & Flails
  6687 | D:7      | Found Gaenkiwov's Vocational Training.
  6698 | D:7      | Reached skill level 8 in Earth Magic
  6698 | D:7      | Reached XP level 9. HP: 45/45 MP: 13/17
  6700 | D:7      | Reached skill level 3 in Maces & Flails
  6793 | D:7      | Identified the +5 falchion of the Ancient Nightcaps {flame,
                  | rElec Str+5}
  6849 | D:7      | Found a sand-covered staircase.
  6859 | Ossuary  | Entered an ossuary
  6881 | Ossuary  | Offered knowledge of Inner Flame by Vehumet.
  7341 | D:7      | Found a staircase to the Ecumenical Temple.
  7438 | D:7      | Reached skill level 6 in Spellcasting
  7515 | D:7      | Noticed Pikel
  7531 | D:7      | Killed Pikel
  7532 | D:7      | Reached skill level 7 in Conjurations
  7681 | D:7      | You pick up a book of Flames and begin reading...
  7681 | D:7      | You add the spells Inner Flame, Sticky Flame and Flame Wave
                  | to your library.
  7796 | D:7      | Reached skill level 4 in Maces & Flails
  7973 | D:8      | You pick up a book of Storms and begin reading...
  7973 | D:8      | You add the spells Static Discharge, Airstrike and Summon
                  | Lightning Spire to your library.
  8122 | D:8      | Reached *** piety under Vehumet
  8327 | D:8      | Found Ynusapoy's Gadget Gallery.
  8496 | D:8      | Reached skill level 9 in Earth Magic
  8678 | D:8      | Offered knowledge of Iskenderun's Mystic Blast by Vehumet.
  8909 | D:9      | Reached XP level 10. HP: 47/50 MP: 5/20
  8940 | D:9      | Reached skill level 5 in Maces & Flails
  8940 | D:9      | Reached skill level 7 in Spellcasting
  8940 | D:9      | Reached skill level 8 in Conjurations
  8959 | D:9      | Learned a level 4 spell: Iskenderun's Mystic Blast
  8964 | D:9      | Learned a level 4 spell: Flame Wave
  8964 | D:9      | Noticed a two-headed ogre
  8970 | D:9      | Noticed a rakshasa
  9085 | D:9      | Reached skill level 1 in Fire Magic
  9095 | D:9      | Noticed Grum
  9114 | D:9      | Reached skill level 1 in Translocations
  9122 | D:9      | Killed Grum
  9207 | D:9      | Reached **** piety under Vehumet
  9232 | D:9      | Reached skill level 2 in Fire Magic
  9296 | D:9      | Noticed a kobold demonologist
  9313 | D:9      | Killed a kobold demonologist
  9314 | D:9      | Reached skill level 2 in Translocations
  9314 | D:9      | Reached skill level 10 in Earth Magic
  9548 | D:9      | Found a staircase to the Orcish Mines.
  9554 | D:9      | Offered knowledge of Volatile Blastmotes by Vehumet.
  9577 | D:9      | Reached skill level 6 in Maces & Flails
  9672 | D:9      | Found a shimmering blue altar of Sif Muna.
  9718 | D:9      | Killed a two-headed ogre
  9719 | D:9      | Reached skill level 9 in Conjurations
  9719 | D:9      | Reached skill level 3 in Translocations
  9719 | D:9      | Reached skill level 3 in Fire Magic
  9719 | D:9      | Reached XP level 11. HP: 41/54 MP: 13/22
  9860 | D:9      | You pick up a book of the Spheres and begin reading...
  9860 | D:9      | You add the spells Iskenderun's Battlesphere, Fireball,
                  | Conjure Ball Lightning and Orb of Destruction to your
                  | library.
  9867 | D:9      | Learned a level 5 spell: Iskenderun's Battlesphere
  9991 | D:9      | Noticed a five-headed hydra
  9996 | D:9      | Killed a five-headed hydra
  9997 | D:9      | Reached skill level 8 in Spellcasting
 10001 | D:9      | Killed a rakshasa
 10081 | D:9      | Reached ***** piety under Vehumet
 10081 | D:9      | Offered knowledge of Spellforged Servitor by Vehumet.
 10106 | D:9      | Reached skill level 4 in Fire Magic
 10365 | D:9      | Found a runed translucent gate.
 10365 | D:9      | Found a runed translucent gate.
 10365 | D:9      | Found a runed translucent gate.
 10370 | D:9      | Noticed jfitz's ghost (journeyman DsBe)
 10461 | D:9      | magus.rc [v1.9.6]
 10515 | D:10     | Entered Level 10 of the Dungeon
 10661 | D:9      | Reached skill level 7 in Maces & Flails
 10963 | D:10     | Noticed a two-headed ogre
 10966 | D:10     | Killed a two-headed ogre
 10967 | D:10     | Reached skill level 1 in Shields
 10967 | D:10     | Reached skill level 4 in Translocations
 10967 | D:10     | Reached skill level 11 in Earth Magic
 10993 | D:10     | Noticed a fire dragon
 10993 | D:10     | Noticed a boulder beetle
 11029 | D:10     | magus.rc [v1.9.6]
 11029 | D:10     | magus.rc [v1.9.6]
 11107 | D:10     | Killed a boulder beetle
 11184 | D:10     | Learned a level 5 spell: Fireball
 11335 | D:10     | Reached skill level 2 in Shields
 11399 | D:10     | Killed a fire dragon
 11400 | D:10     | Reached skill level 3 in Stealth
 11532 | D:10     | Found Xeqezomn's Weapon Emporium.
 11532 | D:10     | Noticed a +0 quick blade
 11536 | D:10     | Noticed a +0 lajatang
 11802 | D:11     | Noticed a two-headed ogre
 11806 | D:11     | Killed a two-headed ogre
 11807 | D:11     | Reached skill level 10 in Conjurations
 11807 | D:11     | Reached XP level 12. HP: 59/59 MP: 22/24
 11856 | D:11     | Noticed Josephine
 11861 | D:11     | Killed Josephine
 11862 | D:11     | Reached skill level 3 in Shields
 11864 | D:11     | Reached skill level 4 in Stealth
 11872 | D:11     | You pick up a book of Blasting and begin reading...
 11872 | D:11     | You add the spells Volatile Blastmotes and Fulminant Prism
                  | to your library.
 11948 | D:11     | Noticed Urug
 12240 | D:11     | Mangled by a white ugly thing

Vanquished Creatures
  A fire dragon (D:10)
  Josephine (D:11)
  A rakshasa (D:9)
  A hydra (D:9)
  3 two-headed ogres
  A boulder beetle (D:10)
  Pikel (D:7)
  A manticore (D:11)
  A gargoyle (D:10)
  A kobold demonologist (D:9)
  3 trolls
  Grinder (D:6)
  2 slime creatures
  A vampire (D:9)
  5 wraiths (D:11)
  2 wyverns (D:9)
  9 yaks (D:9)
  A basilisk (D:10)
  Grum (D:9)
  A water moccasin (D:8)
  An acid dragon (D:9)
  2 ice beasts
  2 sky beasts
  5 orc warriors
  2 black bears
  An ogre (D:9)
  3 centaurs
  3 wolves (D:9)
  6 kobold brigands (D:9)
  A lemure (D:7)
  A phantom (D:5)
  3 bullfrogs
  3 gnoll sergeants
  3 scorpions
  4 wights (D:9)
  14 killer bees
  2 howler monkeys
  3 bombardier beetles
  A hound (D:5)
  A gnoll bouda (D:9)
  3 iguanas
  Terence (D:2)
  A sleepcap (D:6)
  13 orc wizards
  8 mummies (Ossuary)
  21 gnolls
  11 adders
  2 white imps
  2 ufetubi (D:7)
  2 ribbon worms (D:3)
  2 dart slugs
  40 orcs
  7 ball pythons
  4 endoplasms
  2 giant cockroaches
  10 goblins
  9 hobgoblins
  5 quokkas
  5 bats
  5 frilled lizards
  2 hobgoblin zombies (Ossuary)
  12 kobolds
  2 kobold zombies (Ossuary)
  4 orc zombies (Ossuary)
  3 rats
275 creatures vanquished.

Table legend:
 A = Non-vault XP
 B = Vault XP
 C = Vault XP percentage of total XP
 D = Non-vault monster count
 E = Vault monster count
 F = Vault count percentage of total count
                 A         B        C        D         E       F
            +---------+---------+-------+---------+---------+-------
      Total |    9891 |   11480 |  53.7 |     205 |      69 |  25.2
            +---------+---------+-------+---------+---------+-------
        D:1 |      29 |       0 |   0.0 |      18 |       0 |   0.0
        D:2 |      25 |      39 |  60.9 |       8 |       3 |  27.3
        D:3 |     105 |       0 |   0.0 |      22 |       0 |   0.0
        D:4 |     523 |       0 |   0.0 |      33 |       0 |   0.0
        D:5 |     648 |       0 |   0.0 |      21 |       0 |   0.0
        D:6 |     433 |     290 |  40.1 |      18 |       1 |   5.3
        D:7 |     566 |     617 |  52.2 |       8 |       1 |  11.1
        D:8 |    1098 |       0 |   0.0 |      23 |       0 |   0.0
        D:9 |    3032 |    6384 |  67.8 |      39 |      38 |  49.4
       D:10 |    1683 |    2065 |  55.1 |       4 |       4 |  50.0
       D:11 |    1749 |    1933 |  52.5 |      11 |       6 |  35.3
    Ossuary |       0 |     152 | 100.0 |       0 |      16 | 100.0
            +---------+---------+-------+---------+---------+-------

Skill      XL: |  1  2  3  4  5  6  7  8  9 10 11 12 |
---------------+-------------------------------------+-----
Earth Magic    | 4 5 6 8 9 10 11 | 11.5
Conjurations   | 2 3 4 5 6 7 9 10 | 10.2
Spellcasting   | 3 4 5 6 7 8 |  8.8
Short Blades   | 1 2 |  2.0
Maces & Flails | 2 4 6 7 |  7.7
Fire Magic     | 3 4 |  4.0
Translocations | 3 4 |  4.0
Shields        | 2 3 |  3.5
Stealth        | 3 4 |  4.2
Dodging        | |  1.5

Action                     |  1- 3 |  4- 6 |  7- 9 | 10-12 || total
---------------------------+-------+-------+-------+-------++-------
  Melee: Unarmed           |     2 |       |       |       ||     2
         Dagger            |       |    20 |    48 |       ||    68
         Morningstar       |       |       |    39 |   112 ||   151
   Cast: Sandblast         |    38 |    69 |   161 |   127 ||   395
         Stone Arrow       |       |       |    22 |    66 ||    88
         Brom's Barrelling |       |       |       |     8 ||     8
         Iskenderun's Batt |       |       |       |     3 ||     3
         Fireball          |       |       |       |     6 ||     6
  Evoke: Wand              |     1 |     6 |     1 |     3 ||    11
    Use: Scroll            |       |     7 |    14 |     8 ||    29
         Potion            |       |     3 |     1 |     1 ||     5
   Stab: Sleeping          |       |     1 |     1 |       ||     2
 Armour: Robe              |     7 |    31 |    98 |   129 ||   265
         Skin              |       |       |       |     3 ||     3
  Dodge: Dodged            |     3 |    20 |   152 |   189 ||   364
  Block: Buckler           |       |       |       |    13 ||    13

Illustrated notes

Table legend:
 A = Kills in this place as a percentage of kills in the entire game.
 B = Kills by you in this place as a percentage of kills by you in the entire game.
 C = Kills by friends in this place as a percentage of kills by friends in the entire game.
 D = Other kills in this place as a percentage of other kills in the entire game.
 E = Experience gained in this place as a percentage of experience gained in the entire game.
 F = Experience gained in this place divided by the number of levels of this place that you have seen.
                   A       B       C       D       E      F
               +-------+-------+-------+-------+-------+----------------------
         Total | 100.0 | 100.0 |   N/A |   N/A | 100.0 | 1780.9
       Dungeon |  94.2 |  94.2 |   N/A |   N/A |  99.3 | 1929.0
       Ossuary |   5.8 |   5.8 |   N/A |   N/A |   0.7 | 152.0
               +-------+-------+-------+-------+-------+----------------------

Table legend: (Time is in decaauts)
 A = Elapsed time spent in this place.
 B = Non-inter-level travel time spent in this place.
 C = Inter-level travel time spent in this place.
 D = Time resting spent in this place.
 E = Time spent auto-exploring this place.
 F = Levels seen in this place.
 G = Mean time per level.
                   A        B        C        D        E       F      G
               +--------+--------+--------+--------+--------+-----+--------+
         Total |  12465 |  12112 |    353 |   2550 |   6491 |  12 | 1038.8 |
       Dungeon |  12122 |  11769 |    353 |   2398 |   6448 |  11 | 1102.0 |
       Ossuary |    342 |    342 |      0 |    152 |     43 |   1 |  342.0 |
               +--------+--------+--------+--------+--------+-----+--------+

Top non-repeatable levels by time:
     D:9: 1813 daAuts
     D:3: 1634 daAuts
     D:4: 1359 daAuts
     D:8: 1266 daAuts
     D:5: 1072 daAuts
     D:7: 1067 daAuts
     D:6: 1045 daAuts
    D:10: 960 daAuts
     D:1: 883 daAuts
     D:2: 566 daAuts
    D:11: 454 daAuts
 Ossuary: 342 daAuts
